 Dungeon Crawl Stone Soup version 0.25-a0-294-gea9b1ad378 (webtiles) character file.

Game seed: 15185817717083222910, levelgen mode: deterministic

1782 Barrydekale the Changer (level 8, -2/62 HPs)
             Began as a Demonspawn Transmuter on Dec 17, 2019.
             Was a Follower of Okawaru (penitent).
             Slain by a warg (15 damage)
             ... led by the fury of Okawaru
             ... on level 7 of the Dungeon on Dec 18, 2019.
             The game lasted 00:37:47 (9036 turns).

Barrydekale the Changer (Demonspawn Transmuter)     Turns: 9036, Time: 00:37:48

Health: -2/62      AC:  6    Str: 12    XL:     8   Next: 81%
Magic:  12/12      EV: 12    Int: 17    God:    Okawaru [*]
Gold:   407        SH:  0    Dex: 14    Spells: 4/11 levels left

rFire    . . .     SeeInvis .     - Unarmed
rCold    . . .     Gourm    .   (no shield)
rNeg     . . .     Faith    .   b - +0 robe
rPois    +         Spirit   .   u - +1 hat
rElec    .         Reflect  .   w - +0 cloak
rCorr    .         Harm     .   (no gloves)
MR       .....                  (boots unavailable)
Stlth    +.........             A - amulet of magic regeneration
HPRegen  0.20/turn              h - +2 ring of strength
MPRegen  0.38/turn              k - ring of poison resistance

@: about to teleport
A: talons 3, slimy green scales 1, demonic guardian 1
a: Renounce Religion


You were on level 7 of the Dungeon.
You worshipped Okawaru.
Okawaru was demanding penance.
You were not hungry.

You visited 2 branches of the dungeon, and saw 8 of its levels.

You collected 462 gold pieces.
You spent 55 gold pieces at shops.

Inventory:

Hand Weapons
 q - a +2 hunting sling of flaming
Missiles
 a - 49 arrows
 g - 159 stones
 m - 9 boomerangs (quivered)
 o - a throwing net
 t - 28 sling bullets
Armour
 b - a +0 robe (worn)
 u - a +1 hat (worn)
 w - a +0 cloak (worn)
Jewellery
 h - a +2 ring of strength (left hand)
 i - an uncursed ring of protection from fire
 k - a ring of poison resistance (right hand)
 l - an uncursed ring of wizardry
 A - an amulet of magic regeneration (around neck)
Wands
 x - a wand of iceblast (8)
 z - a wand of flame (16)
 B - a wand of random effects (16)
 E - a wand of polymorph (11)
Scrolls
 c - 4 scrolls of identify
 e - 3 scrolls of magic mapping
 f - 4 scrolls of teleportation
 j - 3 scrolls of remove curse
 n - a scroll of fear {unknown}
 p - 3 scrolls of amnesia {unknown}
 y - a scroll of random uselessness {unknown}
 C - a scroll of fog
Potions
 r - 4 potions of curing
 s - a potion of haste
 v - a potion of ambrosia
Comestibles
 d - 14 rations
 D - a chunk of flesh


   Skills:
 - Level 5.0 Fighting
 - Level 1.7 Dodging
 - Level 5.1 Unarmed Combat
 - Level 2.0 Spellcasting
 + Level 7.1 Transmutations
 - Level 2.0 Ice Magic
 - Level 5.3 Invocations


You had 4 spell levels left.
You knew the following spells:

 Your Spells              Type           Power        Failure   Level  Hunger
a - Beastly Appendage     Tmut           ####..       1%          1    #......
b - Sticks to Snakes      Tmut           ####....     1%          2    ###....
c - Ice Form              Ice/Tmut       ###.....     28%         4    #####..

Your spell library contained the following spells:

 Spells                   Type           Power        Failure   Level  Hunger
 Spider Form              Tmut/Pois      ##........   14%         3    ###....
 Blade Hands              Tmut           ####......   28%         5    ######.


Dungeon Overview and Level Annotations

Branches:
Dungeon (7/15)             Temple (1/1) D:5

Altars:
Ashenzari
Cheibriados
Dithmenos
Elyvilon
Fedhas
Gozag
Hepliaklqana
Kikubaaqudgha
Nemelex Xobeh
Okawaru
Qazlal
Ru
Sif Muna
Trog
Uskayaw
Vehumet
Wu Jian
Xom
Yredelemnul
Zin
The Shining One

Shops:
D:4 (=*?


Innate Abilities, Weirdness & Mutations

You have claws for feet.
You are partially covered in slimy green scales. (AC +2)
A weak demonic guardian rushes to your aid.


Message History

Your transformation is almost over.
You start resting.
Your ball python withers and dies!
Your horns disappear.
You start resting.
Okawaru sends forces against you!
A warg, 5 orcs and a cyclops come into view.
As you read the scroll of teleportation, it crumbles to dust.
You feel strangely unstable.
The warg howls!
The orc shouts!
The orc priest shouts!
Okay, then.
Okay, then.
The warg closely misses you.
The orc knight hits you with a +0 bardiche!!
* * * LOW HITPOINT WARNING * * *
The orc priest hits you but does no damage.
The orc hits you with a +0 club.
* * * LOW HITPOINT WARNING * * *
The warg bites you!
You die...

#.# #.# #.# #.# ####
#####.# ####...##..
##...#.# #ooC.......
#......###@##...##..
#......ooho# #.##
#......##### ...
##....## ##. ##.#.#
.# #.#.# # #รท#.#
#.#.# #.#.#


You could see an orc knight, a cyclops, a warg, an orc priest, an orc wizard and
2 orcs.

Vanquished Creatures
  A hippogriff (D:7)
  A hungry ghost (D:6)
  A centaur (D:5)
  2 ogres
  A gnoll sergeant (D:5)
  A bullfrog (D:6)
  2 scorpions
  3 crimson imps (D:5)
  3 hounds
  A centaur skeleton (D:5)
  4 worker ants
  3 iguanas
  2 hound skeletons
  A worker ant zombie (D:6)
  7 gnolls
  A howler monkey skeleton (D:4)
  4 adders
  2 shadow imps (D:5)
  An ooze (D:1)
  3 worms
  5 dart slugs
  2 leopard geckos
  10 orcs
  2 ball pythons
  2 giant cockroaches
  9 goblins
  11 hobgoblins
  5 jackals
  A quokka (D:6)
  8 bats
  3 frilled lizards
  12 kobolds
  2 leopard gecko skeletons
  8 rats
124 creatures vanquished.

Vanquished Creatures (collateral kills)
  A wyvern (D:5)
  An ice beast (D:5)
  2 ogres
  A centaur (D:6)
  A scorpion (D:5)
  A jelly (D:6)
  Crazy Yiuf (D:3)
  A worker ant (D:4)
  A gnoll (D:5)
  2 adders
  2 worms
  2 goblins (D:3)
  3 jackals (D:6)
19 creatures vanquished.

Grand Total: 143 creatures vanquished

Notes
Turn   | Place    | Note
-------+----------+-------------------------------------------
     0 | D:1      | Barrydekale the Demonspawn Transmuter began the quest for
                  | the Orb.
     0 | D:1      | Reached XP level 1. HP: 15/15 MP: 3/3
   108 | D:1      | Reached skill level 2 in Transmutations
   277 | D:1      | Gained mutation: You are partially covered in slimy green
                  | scales. (AC +2) [demonic ancestry]
   277 | D:1      | Reached XP level 2. HP: 21/21 MP: 3/5
   410 | D:1      | Learned a level 2 spell: Sticks to Snakes
   689 | D:1      | Reached skill level 3 in Transmutations
   799 | D:1      | Reached XP level 3. HP: 21/26 MP: 4/6
  2041 | D:2      | Found a shadowy altar of Dithmenos.
  2183 | D:2      | Reached skill level 4 in Transmutations
  2183 | D:2      | Gained mutation: You have sharp toenails. [demonic
                  | ancestry]
  2183 | D:2      | Reached XP level 4. HP: 27/32 MP: 5/7
  3769 | D:3      | Found a runed translucent door.
  3770 | D:3      | Noticed Crazy Yiuf
  3809 | D:3      | Reached XP level 5. HP: 38/38 MP: 8/8
  3929 | D:3      | Killed Crazy Yiuf
  4053 | D:4      | Learned a level 4 spell: Ice Form
  4263 | D:4      | Found Daveg's Weapon Emporium.
  4741 | D:4      | Noticed an ogre
  4774 | D:4      | Killed an ogre
  4896 | D:4      | Gained mutation: You have razor-sharp toenails. [demonic
                  | ancestry]
  4896 | D:4      | Reached XP level 6. HP: 27/46 MP: 9/9
  5040 | D:4      | Found Irepp's Jewellery Shop.
  5120 | D:4      | Found Foar's General Store.
  5135 | D:4      | Found Niosch's Magic Scroll Shop.
  5144 | D:4      | Bought a scroll of fog for 22 gold pieces
  5144 | D:4      | Bought a scroll of teleportation for 33 gold pieces
  5469 | D:4      | Found a sacrificial altar of Ru.
  5471 | D:4      | Found a glowing golden altar of the Shining One.
  5562 | D:5      | Entered Level 5 of the Dungeon
  5562 | D:5      | Noticed a wyvern
  5670 | D:5      | Reached skill level 5 in Transmutations
  5670 | D:5      | Reached skill level 1 in Ice Magic
  5925 | D:5      | Gained mutation: A weak demonic guardian rushes to your
                  | aid. [demonic ancestry]
  5925 | D:5      | Reached XP level 7. HP: 31/52 MP: 8/10
  6141 | D:5      | Found a staircase to the Ecumenical Temple.
  6162 | Temple   | Entered the Ecumenical Temple
  6348 | Temple   | Became a worshipper of Warmaster Okawaru
  6730 | D:5      | Reached skill level 5 in Unarmed Combat
  7108 | D:5      | Found a white marble altar of Elyvilon.
  7162 | D:5      | Found a basalt altar of Yredelemnul.
  7238 | D:5      | Killed a wyvern
  7238 | D:5      | Reached skill level 5 in Fighting
  7238 | D:5      | Reached skill level 1 in Invocations
  7238 | D:5      | Gained mutation: You have claws for feet. [demonic
                  | ancestry]
  7238 | D:5      | Reached XP level 8. HP: 44/62 MP: 8/11
  7538 | D:6      | Reached * piety under Okawaru
  7838 | D:6      | Found a hazy altar of Hepliaklqana.
  7953 | D:6      | Reached skill level 6 in Transmutations
  8335 | D:6      | Reached skill level 5 in Invocations
  8507 | D:6      | HP: 1/62 [orc warrior/+0 mace (14)]
  8939 | D:7      | Noticed a hippogriff
  8951 | D:7      | Killed a hippogriff
  8956 | D:7      | Was placed under penance by Okawaru
  8964 | D:7      | Reached skill level 7 in Transmutations
  9034 | D:7      | Noticed an orc knight
  9034 | D:7      | Noticed a cyclops
  9036 | D:7      | Slain by a warg

Levels and vault maps discovered:
D:1:      dpeg_arrival_triangle_fractal, layout_loops_ring
D:2:      layout_basic, lemuel_statue_altar
D:3:      kennysheep_the_goblin_king, layout_basic, uniq_crazy_yiuf_cottage
D:4:      layout_loops_corners, nicolae_overflow_hidden_temple, serial_shops,
          shop_coins, nicolae_shop_statue_plus, shop, shop, first_ration,
          eino_small_chamber_without_monster
D:5:      layout_loops_cross, kennysheep_ying_yang,
          minmay_temple_entry_sparse_star, minmay_increasing_density
D:6:      layout_loops_cross, lemuel_crystal_altar
D:7:      layout_loops_ring, lightli_temple_of_fire, uniq_menkaure, uniq_joseph
Temple:   regret_index_temple_sphere_string

Skill      XL: |  1  2  3  4  5  6  7  8 |
---------------+-------------------------+-----
Transmutations | 2 3 4 5 7 |  7.1
Unarmed Combat | 3 4 5 |  5.1
Fighting       | 2 3 5 |  5.0
Ice Magic      | 1 2 |  2.0
Invocations    | 1 5 |  5.3
Dodging        | |  1.7
Spellcasting   | |  2.0

Action                   |  1- 3 |  4- 6 |  7- 9 || total
-------------------------+-------+-------+-------++-------
Melee: Unarmed           |   168 |    89 |   176 ||   433
       Headbutt          |     9 |    17 |    18 ||    44
       Kick              |    21 |    27 |    34 ||    82
       Punch             |       |       |     2 ||     2
 Fire: Hunting sling     |       |   108 |    54 ||   162
Throw: Stone             |    17 |       |       ||    17
       Boomerang         |    10 |     7 |    32 ||    49
 Cast: Beastly Appendage |    28 |    19 |    23 ||    70
       Sticks to Snakes  |     2 |    12 |    10 ||    24
Invok: Heroism           |       |       |     1 ||     1
Evoke: Wand              |       |       |     3 ||     3
  Use: Scroll            |     1 |     4 |     2 ||     7
 Stab: Distracted        |       |     1 |     1 ||     2
       Sleeping          |       |     1 |       ||     1
  Eat: Chunk             |     1 |    13 |     9 ||    23
       Ration            |     1 |       |     2 ||     3
Armor: Robe              |    55 |    31 |    45 ||   131
Dodge: Dodged            |   102 |    86 |   100 ||   288

Table legend:
 A = Non-vault XP
 B = Vault XP
 C = Vault XP percentage of total XP
 D = Non-vault monster count
 E = Vault monster count
 F = Vault count percentage of total count
                 A         B        C        D         E       F
            +---------+---------+-------+---------+---------+-------
      Total |    2274 |     272 |  10.7 |     127 |      16 |  11.2
            +---------+---------+-------+---------+---------+-------
        D:1 |      47 |       0 |   0.0 |      26 |       0 |   0.0
        D:2 |      62 |       2 |   3.1 |      22 |       1 |   4.3
        D:3 |      86 |      48 |  35.8 |      19 |       7 |  26.9
        D:4 |     234 |       0 |   0.0 |      12 |       0 |   0.0
        D:5 |     742 |     222 |  23.0 |      20 |       8 |  28.6
        D:6 |     813 |       0 |   0.0 |      21 |       0 |   0.0
        D:7 |     290 |       0 |   0.0 |       7 |       0 |   0.0
            +---------+---------+-------+---------+---------+-------
